 Dungeon Crawl Stone Soup version 0.18.1-8-gdd0e5ea (webtiles) character file.

129 buf2 the Magician (level 5, 0/37 HPs)
             Began as a Human Wanderer on June 3, 2016.
             Was an Initiate of Sif Muna.
             Slain by buf2's ghost (2 damage)
             ... on level 3 of the Dungeon.
             The game lasted 00:20:55 (3490 turns).

buf2 the Magician (Human Wanderer)                  Turns: 3490, Time: 00:20:56

Health: 0/37       AC:  5    Str: 16    XL:     5   Next: 35%
Magic:  6/10       EV: 13    Int: 14    God:    Sif Muna [......]
Gold:   208        SH:  0    Dex: 13    Spells: 2 memorised, 8 levels left

rFire  . . .     SeeInvis .     b - +0 hand axe
rCold  . . .     Gourm    .     d - +0 robe
rNeg   . . .     Faith    .     (no shield)
rPois  .         Spirit   .     (no helmet)
rElec  .         Dismiss  .     (no cloak)
rCorr  .         Reflect  .     (no gloves)
SustAt .         Harm     .     (no boots)
MR     .....                    (no amulet)
Stlth  ++........               (no ring)
                                l - +3 ring of protection

@: mighty, very slightly contaminated, not resistant to hostile enchantments,
unstealthy
A: no striking features
a: Renounce Religion


You were on level 3 of the Dungeon.
You worshipped Sif Muna.
Sif Muna was noncommittal.
You were not hungry.

You visited 1 branch of the dungeon, and saw 3 of its levels.

You collected 208 gold pieces.

Inventory:

Hand Weapons
 a - a +0 hunting sling of freezing
 b - a +0 hand axe (weapon)
 j - a +0 spear
 v - a +0 dagger
 w - a +0 hunting sling
 x - a +1 flail of protection
 z - a +0 falchion
Missiles
 e - 52 bolts
 k - 175 stones (quivered)
 n - 25 arrows
 r - 24 sling bullets
Armour
 d - a +0 robe (worn)
 g - a +0 ring mail
 i - a +0 chain mail
 s - a +0 scale mail
 B - a +0 ring mail
 C - a +0 helmet
 E - a +0 shield
Jewellery
 l - a +3 ring of protection (left hand)
Scrolls
 c - 2 scrolls of teleportation
 y - 2 scrolls of remove curse
Potions
 h - a potion of brilliance
 m - a potion of curing
 p - a potion of resistance
 t - a potion of invisibility
Books
 F - a book of Minor Magic

   Spells                             Type                      Level
   a - Magic Dart                     Conjuration                  1
   b - Blink                          Translocation                2
   c - Call Imp                       Summoning                    2
   d - Repel Missiles                 Charms/Air                   2
   e - Slow                           Hexes                        2
   f - Conjure Flame                  Conjuration/Fire             3
   g - Mephitic Cloud                 Conjuration/Poison/Air       3
Comestibles
 f - 3 bread rations
 o - 4 chunks of flesh
 q - a slice of pizza
 A - 3 meat rations


   Skills:
 + Level 1.3 Fighting
 + Level 1.8 Axes
 + Level 1.0 Slings
 + Level 1.2 Armour
 + Level 2.7 Dodging
 + Level 1.8 Stealth
 + Level 1.0 Shields
 + Level 3.5 Spellcasting
 + Level 1.2 Conjurations
   Level 1.0 Necromancy


You had 8 spell levels left.
You knew the following spells:

 Your Spells              Type           Power        Failure   Level  Hunger
a - Magic Dart            Conj           #...         14%         1    #......
b - Call Imp              Summ           #.......     34%         2    ##.....


Dungeon Overview and Level Annotations

Branches:
Dungeon (3/15)

Altars:
Ashenzari
Qazlal
Sif Muna

Annotations:
D:3 buf2's ghost, amateur HuWn


Message History

Buf2's ghost hits you. x2
* * * LOW HITPOINT WARNING * * *
You closely miss buf2's ghost.
Buf2's ghost is heavily damaged.
Buf2's ghost hits you but does no damage.
You slash buf2's ghost!
Buf2's ghost is severely damaged.
Buf2's ghost barely misses you.
You closely miss buf2's ghost.
Buf2's ghost is severely damaged.
Buf2's ghost hits you.
* * * LOW HITPOINT WARNING * * *
You closely miss buf2's ghost.
Buf2's ghost is severely damaged.
Buf2's ghost hits you!
* * * LOW HITPOINT WARNING * * *
You closely miss buf2's ghost.
Buf2's ghost is severely damaged.
Buf2's ghost hits you.
You die...

##########...#+#'#+#[...........
#........>...#.......##########.
##.##########.#.......# #.
.........# #.#.......# ##
##.......# #.#.......###########
##.......# #.#.......##.........
.........####.#.......##.........
.#............#.W.....##.........
.#.......###..#.@....###.........
#............#.###....'.........
..............#' ######.........
##.#####........ ########## .#.
#........ .# # #......... .#.#
#.......... ...# #...........
####


You could see buf2's ghost.

Vanquished Creatures
  6 adders
  3 dart slugs
  3 giant geckos
  An orc (D:3)
  A giant cockroach (D:1)
  4 goblins
  4 hobgoblins
  4 jackals (D:2)
  4 quokkas
  3 ball pythons
  11 bats
  4 giant newts
  7 kobolds
  13 rats
68 creatures vanquished.

Vanquished Creatures (collateral kills)
  An orc (D:3)
1 creature vanquished.

Grand Total: 69 creatures vanquished

Notes
Turn   | Place    | Note
--------------------------------------------------------------
     0 | D:1      | buf2 the Human Wanderer began the quest for the Orb.
     0 | D:1      | buf2 set off with: a book of Minor Magic, a +0 hand axe, a scroll of teleportation, a +0 robe, a bread ration
     0 | D:1      | Reached XP level 1. HP: 15/15 MP: 4/4
     2 | D:1      | Learned a level 1 spell: Magic Dart
   580 | D:1      | Reached XP level 2. HP: 21/21 MP: 6/6
   660 | D:1      | Reached skill level 1 in Dodging
  1037 | D:1      | Reached XP level 3. HP: 24/26 MP: 4/7
  1821 | D:2      | Learned a level 2 spell: Call Imp
  2049 | D:2      | Reached XP level 4. HP: 30/32 MP: 3/8
  2613 | D:2      | Reached XP level 5. HP: 37/37 MP: 10/10
  2731 | D:2      | Found a stormy altar of Qazlal.
  2731 | D:2      | Found a shattered altar of Ashenzari.
  2732 | D:2      | Found a deep blue altar of Sif Muna.
  2739 | D:2      | Became a worshipper of Sif Muna the Loreminder
  3284 | D:3      | Reached skill level 1 in Slings
  3464 | D:3      | Noticed buf2's ghost (amateur HuWn)
  3490 | D:3      | Slain by buf2's ghost

Skill      XL: |  1  2  3  4  5 |
---------------+----------------+-----
Dodging        | 1 2 |  2.7
Slings         | 1 |  1.0
Fighting       | |  1.3
Axes           | |  1.8
Armour         | |  1.2
Stealth        | |  1.8
Shields        | |  1.0
Spellcasting   | |  3.5
Conjurations   | |  1.2
Necromancy     | |  1.0

Action                   |  1- 3 |  4- 6 || total
-------------------------+-------+-------++-------
Melee: Hand axe          |   123 |    85 ||   208
 Fire: Hunting sling     |       |    32 ||    32
 Cast: Magic Dart        |    24 |    18 ||    42
       Call Imp          |       |     1 ||     1
  Use: Scroll            |     3 |     5 ||     8
       Potion            |       |     3 ||     3
 Stab: Sleeping          |     2 |     1 ||     3
  Eat: Chunk             |     4 |     3 ||     7
       Beef jerky        |       |     1 ||     1
Armor: Robe              |    63 |    18 ||    81
Dodge: Dodged            |   153 |    48 ||   201
